AoeStats
← VS

Fortress

510312712Analyzed
1v1 RM · 17h ago on Sep 30, 2026· 54m 2s· 2 players
Game mode
Random Map
Map size
Small (3 player)
Population
200
Speed
Normal
Resources
Standard
Victory
Conquest
Starting age
Dark Age
Ending age
Imperial Age
RankedLock teamsTeams togetherTeam positionsShared explorationLock speedFull tech treeHidden civsTurbo modeCheats
Victory
Defeat
🇬🇪 Franks · Georgia
916
+17
🇨🇳 Burgundians · China
929
-17
VS
1:13 Loom
6:59 Feudal Age
8:26 Wheelbarrow
11:37 Castle Age
10:41 Double-Bit Axe
14:57 Bow Saw
15:59 Hand Cart
15:52 Stone Mining
16:15 Gold Mining
23:23 Gold Shaft Mining
26:21 Imperial Age
23:14 Pikeman
23:54 Squires
24:51 Forging
24:42 Scale Mail Armor
24:44 Squires
27:00 Chain Mail Armor
27:20 Iron Casting
29:08 Halberdier
32:10 Husbandry
31:31 Cavalier
36:16 Paladin
38:27 Scale Barding Armor
38:54 Plate Mail Armor
39:00 Iron Casting
41:37 Chain Barding Armor
47:45 Ordonnance Companies
47:46 Elite Throwing Axeman
52:28 Blast Furnace
52:04 Plate Barding Armor
Master.L
2:38 Double-Bit Axe
8:00 Feudal Age
6:29 Horse Collar
12:26 Castle Age
10:23 Gold Mining
11:17 Bow Saw
14:07 Loom
14:59 Wheelbarrow
20:40 Imperial Age
18:17 Husbandry
19:01 Heavy Plow
19:12 Cavalier
21:19 Scale Barding Armor
23:40 Chain Barding Armor
27:05 Forging
28:58 Burgundian Vineyards
31:36 Two-Man Saw
31:28 Hand Cart
33:41 Chemistry
33:27 Conscription
35:50 Fletching
37:57 Light Cavalry
41:31 Plate Barding Armor
41:32 Iron Casting
41:23 Hussar
42:44 Iron Casting
42:08 Bodkin Arrow
44:29 Scale Mail Armor
46:22 Chain Mail Armor
46:39 Flemish Revolution
48:00 Plate Mail Armor
48:31 Blast Furnace
Connection lost

Rejoining the realm…

Still unreachable

The connection could not be restored.

Session expired

The server has moved on; the page needs a fresh start.